 Dungeon Crawl Stone Soup version 0.23.0 (webtiles) character file.

Game seed: 17383006228891479731

5512 Raymar the Unseen (level 10, -1/44 HPs)
             Began as a Spriggan Enchanter on Feb 13, 2019.
             Was a Follower of Dithmenos.
             Slain by a blink frog (14 damage)
             ... on level 8 of the Dungeon.
             The game lasted 00:34:38 (10846 turns).

Raymar the Unseen (Spriggan Enchanter)             Turns: 10846, Time: 00:34:40

Health: -1/44      AC:  4    Str:  7    XL:     10   Next: 43%
Magic:  8/22       EV: 21    Int: 18    God:    Dithmenos [*.....]
Gold:   220        SH:  0    Dex: 21    Spells: 13/24 levels left

rFire    . . .     SeeInvis +   y - +0 dagger (flame)
rCold    . . .     Gourm    .   (shield restricted)
rNeg     . . .     Faith    .   b - +2 robe
rPois    .         Spirit   .   (helmet restricted)
rElec    .         Reflect  .   (no cloak)
rCorr    .         Harm     .   (gloves unavailable)
MR       +....                  (boots unavailable)
Stlth    ++++++++..             r - amulet of rage
HPRegen  0.14/turn              w - ring of Lucidity {Str+3 Dex+2}
MPRegen  0.18/turn              (no ring)

@: wreathed by umbra, very quick
A: very small, unfitting armour, see invisible, herbivore, speed 3, slow
metabolism 2
a: Renounce Religion, Evoke Berserk Rage


You were on level 8 of the Dungeon.
You worshipped Dithmenos.
Dithmenos was aware of your devotion.
You were hungry.

You visited 3 branches of the dungeon, and saw 10 of its levels.

You collected 469 gold pieces.
You spent 249 gold pieces at shops.

Inventory:

Hand Weapons
 a - a +4 dagger
 y - a +0 dagger of flaming (weapon)
Armour
 b - a +2 robe (worn)
Magical Staves
 o - an uncursed staff of death
Jewellery
 r - an amulet of rage (around neck)
 w - the ring of Lucidity (left hand) {Str+3 Dex+2}
   (You bought it in a shop on level 8 of the Dungeon)

   [ring of dexterity]

   It affects your strength (+3).
   It affects your dexterity (+2).
Wands
 j - a wand of disintegration (2)
 u - a wand of scattershot (1)
 v - a wand of flame (9)
Scrolls
 k - 2 scrolls of teleportation
 l - 3 scrolls of fear
 n - 6 scrolls of remove curse
 p - a scroll of enchant armour
 s - 2 scrolls of magic mapping
Potions
 c - a potion of cancellation
 e - a potion of curing
 f - 5 potions of brilliance
 g - a potion of berserk rage {unknown}
 h - a potion of invisibility
 m - 2 potions of lignification {unknown}
 q - a potion of magic {unknown}
Miscellaneous
 i - a phantom mirror
 t - a sack of spiders
Comestibles
 d - 12 rations


   Skills:
 + Level 5.7 Short Blades
 + Level 4.8 Dodging
 * Level 15.5 Stealth
 + Level 7.6 Spellcasting
 * Level 2.1 Conjurations
 + Level 7.3 Hexes
 + Level 2.8 Ice Magic
 + Level 4.8 Evocations


You had 13 spell levels left.
You knew the following spells:

 Your Spells              Type           Power        Failure   Level  Hunger
a - Corona                Hex            ####...      1%          1    None
b - Ensorcelled Hibernat  Hex/Ice        ####..       1%          2    None
d - Tukima's Dance        Hex            ####....     1%          3    #......
e - Swiftness             Chrm/Air       #.......     16%         2    None
f - Dazzling Spray        Conj/Hex       ###...       4%          3    #......

Your spell library contained the following spells:

 Spells                   Type           Power        Failure   Level  Hunger
 Confusing Touch          Hex            ####..       1%          1    None
 Confuse                  Hex            ####....     1%          3    #......
 Shock                    Conj/Air       ##..         7%          1    None
 Static Discharge         Conj/Air       ##......     21%         3    #......
 Gell's Gravitas          Tloc           #.........   30%         3    #......
 Metabolic Englaciation   Hex/Ice        ####......   34%         5    #####..
 Yara's Violent Unravell  Hex/Tmut       ###.......   52%         5    #####..
 Airstrike                Air            #.........   69%         4    ###....
 Petrify                  Tmut/Erth      #.......     69%         4    ###....
 Lightning Bolt           Conj/Air       ##........   88%         5    #####..


Dungeon Overview and Level Annotations

Branches:
Dungeon (8/15)             Temple (1/1) D:7            Lair (1/6) D:8

Altars:
Ashenzari
Cheibriados
Dithmenos
Elyvilon
Fedhas
Gozag
Hepliaklqana
Kikubaaqudgha
Makhleb
Nemelex Xobeh
Okawaru
Qazlal
Ru
Sif Muna
Trog
Uskayaw
Vehumet
Wu Jian
Xom
Yredelemnul
Zin
The Shining One

Shops:
D:5 %   D:8 =

Annotations:
D:7 Harold


Innate Abilities, Weirdness & Mutations

You are very small and have problems with some larger weapons.
You are too small for most types of armour.
You have supernaturally acute eyesight. (SInv)
You are a herbivore.
You cover ground extremely quickly.
You need to consume almost no food.


Message History

Aim: a blink frog (lightly wounded, umbra)
The spray of energy hits the blink frog.
The blink frog is moderately wounded.
The spray of energy hits the fungus!
The fungus is moderately damaged.
The spray of energy hits the fungus.
The fungus is lightly damaged.
The blink frog closely misses you. The blink frog misses you. x2
Casting: Dazzling Spray (safe; 4% risk of failure)
Confirm with . or Enter, or press ? or * to list all spells.
Aiming: Dazzling Spray (safe; 4% risk of failure)
Press: ? - help, Shift-Dir - straight line, f/p - blink frog
Aim: a blink frog (moderately wounded, umbra)
The spray of energy misses the blink frog.
The spray of energy hits the fungus!
The fungus is heavily damaged.
The spray of energy hits the fungus.
The fungus is moderately damaged.
The blink frog completely misses you. x2; The blink frog hits you!
You die...

#...##....)......#.###.....###...
#......#..........(.#..#..## ##..
#....##...............#...# #..
.....##........###........# #..
............#...≈...#.....# #..
...........#..#...#..##...# ##..
#####......#.##...##.##.).####...
#.......#..#...FPPP..#.....†.)...
......#.#.##≈..P@P..≈#....#####..
..∩.....#.##..PPPF...###.....###.
#..........#.##P.P##.###.###.....
###.....####..#...#..#.#.########
....##### #.#...≈...#.......#
...## #....###..........# ...#
#.................# ...#
#........###......#
...##########..##### #......#


You could see 2 blink frogs.

Vanquished Creatures
  2 two-headed ogres
  An unseen horror (D:7)
  A hippogriff (D:7)
  A blink frog (Lair:1)
  A vampire (D:7)
  A yak (D:7)
  A hungry ghost (D:8)
  A sky beast (D:5)
  An orc warrior (D:8)
  2 phantoms
  2 ice beasts
  A necrophage (D:7)
  An ogre (D:7)
  A centaur (D:7)
  A big kobold (D:8)
  A gnoll sergeant (D:7)
  A bullfrog (D:7)
  5 scorpions
  6 killer bees (D:8)
  3 howler monkeys (D:8)
  3 crimson imps (D:5)
  A quasit (D:7)
  3 jellies
  5 orc wizards
  3 bullfrog skeletons
  5 orc priests
  8 hounds
  A centaur skeleton (D:8)
  Ijyb (D:5)
  Terence (D:3)
  3 iguanas
  4 worker ants
  A killer bee zombie (D:5)
  A hound skeleton (D:5)
  2 worker ant zombies (D:7)
  3 gnolls (D:7)
  8 adders
  A shadow imp (D:7)
  An ooze (D:1)
  An adder skeleton (D:4)
  An adder zombie (D:6)
  3 worms
  2 dart slugs (D:1)
  3 leopard geckos
  23 orcs
  3 bats
  6 giant cockroaches
  3 goblins
  7 hobgoblins
  17 jackals
  5 quokkas
  4 ball pythons
  6 frilled lizards
  9 kobolds
  A quokka skeleton (D:5)
  8 rats
191 creatures vanquished.

Vanquished Creatures (others)
  A dancing weapon (D:7)
  A fungus (D:8)
2 creatures vanquished.

Grand Total: 193 creatures vanquished

Notes
Turn   | Place    | Note
-------+----------+-------------------------------------------
     0 | D:1      | Raymar the Spriggan Enchanter began the quest for the Orb.
     0 | D:1      | Reached XP level 1. HP: 9/9 MP: 5/5
   528 | D:1      | Reached XP level 2. HP: 13/13 MP: 6/6
   538 | D:1      | Learned a level 2 spell: Ensorcelled Hibernation
   878 | D:1      | Reached skill level 5 in Stealth
  1216 | D:1      | Reached XP level 3. HP: 10/16 MP: 8/8
  1740 | D:2      | Learned a level 3 spell: Confuse
  2262 | D:2      | Reached XP level 4. HP: 21/21 MP: 9/9
  2481 | D:2      | Reached skill level 6 in Stealth
  2985 | D:3      | Noticed Terence
  3015 | D:3      | Killed Terence
  3054 | D:3      | Reached skill level 7 in Stealth
  3054 | D:3      | Reached XP level 5. HP: 9/24 MP: 0/10
  3144 | D:3      | Learned a level 3 spell: Tukima's Dance
  3778 | D:4      | Reached XP level 6. HP: 28/28 MP: 9/12
  3958 | D:4      | Learned a level 2 spell: Swiftness
  4034 | D:4      | Reached skill level 8 in Stealth
  4093 | D:4      | Reached skill level 1 in Ice Magic
  4648 | D:5      | Entered Level 5 of the Dungeon
  4708 | D:5      | Reached XP level 7. HP: 32/32 MP: 12/14
  4760 | D:5      | Reached skill level 9 in Stealth
  5060 | D:5      | Noticed Ijyb
  5066 | D:5      | Killed Ijyb
  5083 | D:5      | Reached skill level 5 in Hexes
  5366 | D:5      | Found Reahuer's Food Shoppe.
  5412 | D:5      | Reached skill level 10 in Stealth
  5546 | D:5      | Reached skill level 1 in Evocations
  5845 | D:6      | Reached XP level 8. HP: 36/36 MP: 16/16
  6354 | D:6      | Reached skill level 5 in Spellcasting
  6703 | D:7      | Reached skill level 11 in Stealth
  6709 | D:7      | Found a shattered altar of Ashenzari.
  6872 | D:7      | Noticed an unseen horror
  6875 | D:7      | Killed an unseen horror
  6875 | D:7      | Reached skill level 12 in Stealth
  6884 | D:7      | Reached XP level 9. HP: 39/39 MP: 17/19
  6898 | D:7      | Noticed a two-headed ogre
  6899 | D:7      | Reached skill level 13 in Stealth
  7059 | D:7      | HP: 1/39 [shadow imp (5)]
  7357 | D:7      | Learned a level 3 spell: Dazzling Spray
  7790 | D:7      | Killed a two-headed ogre
  7790 | D:7      | Reached skill level 5 in Short Blades
  7790 | D:7      | Reached skill level 14 in Stealth
  7790 | D:7      | Reached skill level 1 in Conjurations
  8544 | D:7      | Found a sacrificial altar of Ru.
  8546 | D:7      | Found an opulent altar of Gozag.
  8546 | D:7      | Found a glowing golden altar of the Shining One.
  8548 | D:7      | Found a stormy altar of Qazlal.
  8549 | D:7      | Found a glowing silver altar of Zin.
  8637 | D:7      | Noticed Harold
  8937 | D:7      | Found a staircase to the Ecumenical Temple.
  8946 | Temple   | Entered the Ecumenical Temple
  9029 | Temple   | Became a worshipper of Dithmenos the Shadowed
  9443 | D:8      | Reached XP level 10. HP: 44/44 MP: 21/21
  9478 | D:8      | Noticed a two-headed ogre
  9518 | D:8      | Found a staircase to the Lair.
  9528 | D:8      | Found Decill's Jewellery Boutique.
  9537 | D:8      | Killed a two-headed ogre
  9537 | D:8      | Reached skill level 15 in Stealth
  9584 | D:8      | Bought the ring of Lucidity {Str+3 Dex+2} for 249 gold
                  | pieces
  9885 | D:8      | Reached * piety under Dithmenos
 10568 | Lair:1   | Entered Level 1 of the Lair of Beasts
 10846 | D:8      | Slain by a blink frog

Skill      XL: |  1  2  3  4  5  6  7  8  9 10 |
---------------+-------------------------------+-----
Stealth        | 5 7 8 10 12 14 15 | 15.5
Short Blades   | 2 3 4 5 |  5.7
Hexes          | 4 5 7 |  7.3
Spellcasting   | 3 4 6 7 |  7.6
Ice Magic      | 1 2 |  2.8
Evocations     | 1 4 |  4.8
Dodging        | 4 |  4.8
Conjurations   | 1 2 |  2.1

Action                   |  1- 3 |  4- 6 |  7- 9 | 10-12 || total
-------------------------+-------+-------+-------+-------++-------
Melee: Dagger            |   121 |    87 |   173 |    54 ||   435
 Cast: Corona            |     2 |       |       |       ||     2
       Ensorcelled Hiber |    12 |    40 |    46 |    40 ||   138
       Confuse           |       |     1 |    15 |       ||    16
       Dazzling Spray    |       |       |    20 |    15 ||    35
       Tukima's Dance    |       |       |    12 |       ||    12
Evoke: Wand              |       |       |       |     5 ||     5
  Use: Scroll            |     6 |    11 |     8 |     1 ||    26
       Potion            |       |       |     3 |     3 ||     6
 Stab: Distracted        |     3 |     1 |     1 |     1 ||     6
       Sleeping          |    17 |    41 |    47 |    19 ||   124
       Confused          |       |       |     6 |       ||     6
       Invisible         |       |       |     2 |     2 ||     4
  Eat: Ration            |       |     2 |     4 |     1 ||     7
Armor: Robe              |    15 |     6 |    22 |     5 ||    48
Dodge: Dodged            |    89 |    53 |   138 |   112 ||   392
